[Event "Titled Tuesday Blitz June 6 Late 2023"]
[White "Buchenau, Frank"]
[Black "Marin Masis, Jose Esteban"]
[WhiteFideId "4604350"]
[BlackFideId "6508146"]
[WhiteElo "2157"]
[BlackElo "1838"]
[Result "1-0"]
[Round "5"]
[TimeControl "180+2"]
[Date "2023.06.07"]
[WhiteClock "0:00:36"]
[BlackClock "0:00:16"]
[Board "155"]

1. e4 c5 2. Nf3 Nc6 3. Bb5 g6 4. Bxc6 bxc6 5. O-O Bg7 6. Re1 Nf6 7. e5 Nd5 8. c4 Nc7 9. d4 cxd4 10. Qxd4 Ne6 11. Qh4 O-O 12. Nc3 d6 13. Bh6 dxe5 14. Bxg7 Kxg7 15. Nxe5 Qd4 16. Qxe7 Ba6 17. Rad1 Qc5 18. Qxc5 Nxc5 19. b4 Ne6 20. Rd7 Bc8 21. Rd6 c5 22. b5 Rb8 23. a4 Rb6 24. Nc6 a6 25. a5 Rb7 26. bxa6 Rd7 27. a7 Nc7 28. Rxd7 Bxd7 29. Nb8 Be6 30. Nb5 Na8 31. Nd6 Rd8 32. Rd1 Bxc4 33. Nf5+ gxf5 34. Rxd8 Bd3 35. Nc6 Nc7 36. Rc8 1-0


[Site "https://www.chess.com"]

[Event "Titled Tuesday Blitz June 6 Late 2023"]
[White "Manon-og, Ramon Jr."]
[Black "Hartikainen, Jarmo"]
[WhiteFideId "5200776"]
[BlackFideId "503134"]
[WhiteElo "2339"]
[BlackElo "2110"]
[Result "0-1"]
[Round "5"]
[TimeControl "180+2"]
[Date "2023.06.07"]
[WhiteClock "0:01:07"]
[BlackClock "0:01:30"]
[Board "156"]

1. e4 c5 2. Be2 Nc6 3. d3 Nf6 4. f4 d6 5. Nf3 Bg4 6. O-O Qc7 7. h3 Bd7 8. c3 e6 9. Be3 Be7 10. Nbd2 e5 11. f5 d5 12. exd5 Nxd5 13. Nh2 Nxe3 14. Qb3 Nxf1 15. Rxf1 O-O 16. Qc4 b5 17. Qxb5 Nd4 18. Qa6 Nxe2+ 19. Kh1 Ng3+ 20. Kg1 Nxf1 21. Kxf1 Qc6 22. Qxc6 Bxc6 23. Kg1 Rab8 24. Kf1 Rxb2 25. Kg1 Rxd2 26. Kf1 Rb8 27. Kg1 Rb1+ 28. Nf1 Rxg2+ 29. Kh1 Rxf1# 0-1


[Site "https://www.chess.com"]

[Event "Titled Tuesday Blitz June 6 Late 2023"]
[White "Rian, Kapriaga"]
[Black "NtcPou"]
[WhiteFideId "7103263"]
[WhiteElo "2324"]
[BlackElo "2048"]
[Result "1-0"]
[Round "5"]
[TimeControl "180+2"]
[Date "2023.06.07"]
[WhiteClock "0:00:05"]
[BlackClock "0:00:03"]
[Board "157"]

1. d4 d5 2. c4 c6 3. Nc3 Nf6 4. e3 a6 5. b3 Bf5 6. Nf3 h6 7. Be2 Ne4 8. Bb2 e6 9. O-O Bb4 10. Nxe4 dxe4 11. Ne5 O-O 12. f3 f6 13. fxe4 Bxe4 14. Bd3 Bxd3 15. Nxd3 Bd6 16. e4 Nd7 17. Qg4 Qe7 18. Rae1 e5 19. d5 cxd5 20. exd5 a5 21. Bc1 Nc5 22. Nf4 Qf7 23. Ng6 Rfe8 24. Rf3 Kh7 25. Nh4 e4 26. Rh3 Nd3 27. Nf5 Bc5+ 28. Be3 Nxe1 29. Bxc5 Qg6 30. Qxg6+ Kxg6 31. Nd6 Re5 32. Be3 Nd3 33. Nxb7 a4 34. Rg3+ Kh7 35. b4 f5 36. Bd4 Re7 37. Nc5 f4 38. Rg4 e3 39. Nxd3 1-0


[Site "https://www.chess.com"]

[Event "Titled Tuesday Blitz June 6 Late 2023"]
[White "Dmitriev, Sergey"]
[Black "Kostiukov, Alexandr"]
[WhiteFideId "14101785"]
[BlackFideId "14108100"]
[WhiteElo "2132"]
[BlackElo "2202"]
[Result "0-1"]
[Round "5"]
[TimeControl "180+2"]
[Date "2023.06.07"]
[WhiteClock "0:02:12"]
[BlackClock "0:01:55"]
[Board "158"]

1. d4 g6 2. Nf3 Bg7 3. Bf4 d6 4. e3 Nc6 5. h3 e5 6. dxe5 Nxe5 7. Nbd2 Nxf3+ 8. Nxf3 Bxb2 9. Rb1 Bc3+ 10. Nd2 Nf6 11. Bc4 Ne4 12. O-O Nxd2 13. Bh6 Qh4 14. Bg7 Bxg7 15. Qxd2 Qxc4 0-1


[Site "https://www.chess.com"]

[Event "Titled Tuesday Blitz June 6 Late 2023"]
[White "Makarian, Rudik"]
[Black "Sarana, Alexey"]
[WhiteFideId "44105681"]
[BlackFideId "24133795"]
[WhiteElo "2451"]
[BlackElo "2714"]
[Result "1-0"]
[Round "6"]
[TimeControl "180+2"]
[Date "2023.06.07"]
[WhiteClock "0:01:50"]
[BlackClock "0:02:29"]
[Board "1"]

1. d4 Nf6 2. c4 e6 3. Nf3 d5 4. g3 Bb4+ 5. Bd2 Be7 6. Bg2 c6 7. Qc2 b6 8. Bf4 O-O 9. O-O Ba6 10. Nbd2 Nh5 11. Be5 Nd7 12. Rfe1 f6 13. cxd5 cxd5 14. Bc7 Rc8 15. Bxd8 Rxc2 16. Bxe7 Rfc8 17. Ba3 g5 18. h3 Ng7 19. Bf1 Nf5 20. e4 Bxf1 21. exf5 Bxh3 22. fxe6 Nb8 23. Nf1 Nc6 24. Ne3 1-0


[Site "https://www.chess.com"]

[Event "Titled Tuesday Blitz June 6 Late 2023"]
[White "Deac, Bogdan-Daniel"]
[Black "Rasulov, Vugar"]
[WhiteFideId "1226380"]
[BlackFideId "13402390"]
[WhiteElo "2644"]
[BlackElo "2509"]
[Result "1/2-1/2"]
[Round "6"]
[TimeControl "180+2"]
[Date "2023.06.07"]
[WhiteClock "0:00:08"]
[BlackClock "0:00:08"]
[Board "2"]

1. d4 Nf6 2. Nf3 e6 3. c4 d5 4. g3 Be7 5. Bg2 O-O 6. O-O dxc4 7. Qc2 a6 8. a4 Bd7 9. Qxc4 Bc6 10. Bf4 Bd6 11. Qc1 Nbd7 12. Rd1 h6 13. Nc3 Qe7 14. a5 Rfc8 15. Qc2 Bxf4 16. gxf4 Rab8 17. e3 Bxf3 18. Bxf3 c5 19. d5 e5 20. d6 Qe6 21. f5 Qe8 22. Be2 e4 23. Ra4 Qe5 24. Nxe4 Qxf5 25. Nxf6+ Qxf6 26. Rf4 Qe5 27. Rf5 Qe6 28. Bc4 Qg6+ 29. Kh1 Kh8 30. Rg1 Qxd6 31. Rxf7 Rg8 32. Rd1 Qc6+ 33. Bd5 Qb5 34. Qf5 Rbd8 35. Rg1 c4 36. Be4 Qxf5 37. Bxf5 Nc5 38. Rc7 Nd3 39. Bxd3 cxd3 40. Rxb7 Rd5 41. Rd1 Rc8 42. Kg2 Rc2 43. h4 Rd6 44. Rb4 Rg6+ 45. Kf3 Rd6 46. Rd4 Rf6+ 47. Rf4 Rd6 48. b4 Rb2 49. Rd4 Rf6+ 50. Rf4 Rxf4+ 51. exf4 Rxb4 52. Rxd3 Rb5 53. Ra3 Kh7 54. Kg3 Kg6 55. f3 Kh5 56. Ra4 Rc5 57. Ra3 Rb5 58. Ra1 Rd5 59. Kh3 Rd3 60. Kg3 Rd5 61. Ra4 Rb5 62. Rd4 Rxa5 63. Rd7 Kg6 64. Rd6+ Kh7 65. Rd7 Ra1 66. f5 Kg8 67. Ra7 a5 68. Kf4 Ra4+ 69. Kg3 Ra1 70. f6 gxf6 71. Kg4 a4 72. Kf5 a3 73. Kxf6 a2 74. f4 Rf1 75. Ra8+ Kh7 76. Ra7+ Kg8 77. Rxa2 Rxf4+ 78. Kg6 Rg4+ 79. Kh5 Rb4 80. Ra6 Kg7 81. Rg6+ Kf7 82. Rxh6 Rb5+ 83. Kg4 Rb4+ 84. Kg5 Rb5+ 85. Kg4 Rb4+ 86. Kg5 Rb5+ 87. Kg4 1/2-1/2


[Site "https://www.chess.com"]

[Event "Titled Tuesday Blitz June 6 Late 2023"]
[White "Kovalev, Vladislav"]
[Black "Caruana, Fabiano"]
[WhiteFideId "13504398"]
[BlackFideId "2020009"]
[WhiteElo "2555"]
[BlackElo "2832"]
[Result "1-0"]
[Round "6"]
[TimeControl "180+2"]
[Date "2023.06.07"]
[WhiteClock "0:00:04"]
[BlackClock "0:00:01"]
[Board "3"]

1. e4 c5 2. Nf3 Nc6 3. Bb5 g6 4. O-O Bg7 5. c3 Nf6 6. Re1 O-O 7. d4 d5 8. e5 Ne4 9. Bxc6 bxc6 10. Be3 Rb8 11. Qc1 a5 12. Nbd2 a4 13. dxc5 Qc7 14. Bd4 Bf5 15. b4 axb3 16. axb3 Bh6 17. b4 Ra8 18. Qb2 Bf4 19. g3 Bh6 20. Nxe4 dxe4 21. Nd2 Rxa1 22. Rxa1 Qd7 23. Re1 Ra8 24. Nxe4 Qd5 25. Qb1 Ra2 26. Qd3 Bd2 27. Re2 Ra1+ 28. Kg2 Bxc3 29. Qxc3 Bxe4+ 30. f3 Bxf3+ 31. Qxf3 Qxd4 32. e6 f5 33. Rf2 Ra6 34. g4 Ra3 35. Qxa3 Qxg4+ 36. Qg3 Qxb4 37. Qe3 Qg4+ 38. Qg3 Qc4 39. Qf3 Qxc5 40. h3 Qd6 41. Qe3 Qd5+ 42. Qf3 Qxe6 43. Re2 Qf6 44. Qe3 Kf7 45. Qb3+ Kg7 46. Qe6 Qg5+ 47. Kh1 Kh6 48. Qe3 f4 49. Qxe7 Qg3 50. Qe4 f3 51. Qe3+ g5 52. Qe6+ Kh5 53. Qg4+ Qxg4 54. hxg4+ Kxg4 55. Rc2 h5 56. Kh2 Kf4 57. Rc4+ Ke3 58. Rxc6 h4 59. Re6+ Kf4 60. Rf6+ Kg4 61. Rf8 1-0


[Site "https://www.chess.com"]

[Event "Titled Tuesday Blitz June 6 Late 2023"]
[White "Nepomniachtchi, Ian"]
[Black "Matlakov, Maxim"]
[WhiteFideId "4168119"]
[BlackFideId "4168003"]
[WhiteElo "2781"]
[BlackElo "2666"]
[Result "1-0"]
[Round "6"]
[TimeControl "180+2"]
[Date "2023.06.07"]
[WhiteClock "0:00:07"]
[BlackClock "0:00:01"]
[Board "4"]

1. e4 c5 2. Nf3 d6 3. d4 cxd4 4. Nxd4 Nf6 5. Nc3 a6 6. Be2 e6 7. Be3 Be7 8. g4 b5 9. g5 Nfd7 10. Qd2 Bb7 11. a3 Nb6 12. h4 N8d7 13. h5 Ne5 14. b3 Rc8 15. f4 Ned7 16. Bf3 Qc7 17. Nce2 Nc5 18. Ng3 d5 19. g6 hxg6 20. hxg6 Rxh1+ 21. Bxh1 dxe4 22. b4 Nc4 23. gxf7+ Kxf7 24. Qe2 Nd3+ 25. cxd3 Nxe3 26. Qh5+ Kg8 27. Nxe4 Qxf4 28. Ke2 Nf5 29. Nxf5 exf5 30. Nd2 Bg5 31. Bxb7 Qxd2+ 32. Kf1 Qxd3+ 33. Kg2 Rc2+ 34. Kh1 Qd7 35. Bf3 Bf6 36. Rg1 Rc3 37. Rd1 Rd3 38. Re1 1-0


[Site "https://www.chess.com"]

[Event "Titled Tuesday Blitz June 6 Late 2023"]
[White "Kollars, Dmitrij"]
[Black "Keymer, Vincent"]
[WhiteFideId "12909572"]
[BlackFideId "12940690"]
[WhiteElo "2584"]
[BlackElo "2669"]
[Result "0-1"]
[Round "6"]
[TimeControl "180+2"]
[Date "2023.06.07"]
[WhiteClock "0:00:44"]
[BlackClock "0:01:42"]
[Board "5"]

1. e4 c6 2. Nc3 d5 3. Nf3 dxe4 4. Nxe4 Nf6 5. Qe2 Nxe4 6. Qxe4 Nd7 7. d4 Nf6 8. Qh4 Bf5 9. c3 e6 10. Be2 Be7 11. Qg3 Nh5 12. Qe5 Bd6 13. Qe3 Bf4 14. Qxf4 Nxf4 15. Bxf4 Qb6 16. O-O-O O-O 17. Ne5 Qa5 18. a3 Qd5 19. f3 Qa2 20. Nd3 Rfd8 21. g4 Bg6 22. h4 c5 23. d5 Rxd5 24. h5 Bxd3 25. Bxd3 Rxd3 0-1


[Site "https://www.chess.com"]

[Event "Titled Tuesday Blitz June 6 Late 2023"]
[White "Manukyan, Sargis A."]
[Black "Duda, Jan-Krzysztof"]
[WhiteFideId "13303970"]
[BlackFideId "1170546"]
[WhiteElo "2187"]
[BlackElo "2783"]
[Result "0-1"]
[Round "6"]
[TimeControl "180+2"]
[Date "2023.06.07"]
[WhiteClock "0:00:03"]
[BlackClock "0:00:21"]
[Board "6"]

1. d4 f5 2. c4 Nf6 3. Nc3 d6 4. Nf3 g6 5. h3 Bg7 6. Bg5 h6 7. Bxf6 Bxf6 8. e4 Nc6 9. Qd2 e5 10. dxe5 Nxe5 11. Nxe5 Bxe5 12. Bd3 f4 13. Be2 h5 14. O-O-O Be6 15. g3 Qf6 16. Nd5 Bxd5 17. exd5 O-O-O 18. Rdf1 Rde8 19. Bd3 Rhf8 20. g4 f3 21. Kb1 Bf4 22. Qc2 h4 23. Bxg6 Re2 24. Qf5+ Kd8 25. Qxf6+ Rxf6 26. Bd3 Rd2 27. Rd1 Rxf2 28. Rhf1 Rh2 29. Rxf3 Rxb2+ 30. Kxb2 Be5+ 31. Kc2 Rxf3 32. g5 Rxh3 33. g6 Rg3 34. Rf1 h3 35. Rf8+ Ke7 36. Rf7+ Ke8 37. Rxc7 h2 38. Rh7 Rg2+ 39. Kb3 Rb2+ 40. Ka3 a5 41. Be4 Rb4 42. Rxh2 Bxh2 43. g7 Kf7 44. g8=Q+ Kxg8 45. c5 Be5 46. Bh7+ Kxh7 47. cxd6 Bb2# 0-1


[Site "https://www.chess.com"]

[Event "Titled Tuesday Blitz June 6 Late 2023"]
[White "Chigaev, Maksim"]
[Black "Nakamura, Hikaru"]
[WhiteFideId "4108116"]
[BlackFideId "2016192"]
[WhiteElo "2561"]
[BlackElo "2874"]
[Result "0-1"]
[Round "6"]
[TimeControl "180+2"]
[Date "2023.06.07"]
[WhiteClock "0:00:03"]
[BlackClock "0:00:14"]
[Board "7"]

1. d4 g6 2. e4 Bg7 3. Nc3 a6 4. Be3 d6 5. h4 h5 6. Qd2 b5 7. f3 Nd7 8. O-O-O Nb6 9. Bd3 Nf6 10. Kb1 Nfd7 11. Nh3 e6 12. Ng5 Qe7 13. Rde1 Bb7 14. d5 O-O-O 15. Rhf1 Rhe8 16. a3 Nc5 17. f4 exd5 18. Nxd5 Bxd5 19. exd5 Qf6 20. c3 Nxd5 21. Bc2 Nxe3 22. Rxe3 Kb8 23. g3 Rxe3 24. Qxe3 Bf8 25. f5 d5 26. Rf4 Bd6 27. Rd4 c6 28. Rd1 Rd7 29. Qf2 Nb7 30. Nf3 gxf5 31. Nd4 Be5 32. Nxf5 c5 33. g4 hxg4 34. h5 d4 35. cxd4 cxd4 36. Be4 Nc5 37. Qg2 d3 38. Qc2 dxc2+ 0-1


[Site "https://www.chess.com"]

[Event "Titled Tuesday Blitz June 6 Late 2023"]
[White "Indjic, Aleksandar"]
[Black "Martinez Alcantara, Jose Eduardo"]
[WhiteFideId "911925"]
[BlackFideId "3805662"]
[WhiteElo "2614"]
[BlackElo "2711"]
[Result "1/2-1/2"]
[Round "6"]
[TimeControl "180+2"]
[Date "2023.06.07"]
[WhiteClock "0:00:12"]
[BlackClock "0:00:05"]
[Board "8"]

1. d4 Nf6 2. c4 e6 3. Nc3 Bb4 4. f3 c5 5. a3 Bxc3+ 6. bxc3 Nc6 7. e4 d6 8. Ne2 b6 9. Ng3 Na5 10. Bd3 Qc7 11. O-O h6 12. f4 Bb7 13. d5 O-O-O 14. Rb1 Kb8 15. Rf2 Ka8 16. h3 h5 17. Nf1 Rhe8 18. Ne3 exd5 19. Nxd5 Bxd5 20. exd5 Re7 21. Rf1 Rde8 22. Qc2 Ne4 23. Kh2 f5 24. Bd2 g6 25. Be1 Rh7 26. Bh4 Qg7 27. Rbe1 Rhh8 28. Rc1 Qf7 29. Rfe1 Nf6 30. Qa4 Ne4 31. Re3 Kb8 32. Rce1 Rhf8 33. Bxe4 fxe4 34. Rxe4 Rxe4 35. Rxe4 Qf5 36. Re8+ Rxe8 37. Qxe8+ Kb7 38. Qe7+ Ka6 39. Qxd6 Nxc4 40. Qf6 Qxd5 41. Qxg6 Ne3 42. c4 Qd4 43. Bf2 Qxf4+ 44. Kg1 Nxc4 45. Qxh5 Kb5 46. Qe2 Qc1+ 47. Kh2 Qxa3 48. h4 Qc3 49. h5 Qf6 50. g4 a5 51. Bg3 a4 52. Kh3 a3 53. Bh4 Qb2 54. Qe8+ Kb4 55. Be1+ Nd2 56. Qe3 a2 57. Bxd2+ Ka4 58. Bc3 Qb3 59. Qe4+ Kb5 60. Qe8+ Kc4 61. Kh4 Qxc3 62. Qe6+ Kb4 63. Qxa2 Qf6+ 64. Kh3 Qf3+ 65. Kh4 Qf6+ 66. Kh3 Qf3+ 67. Kh4 Qf6+ 1/2-1/2


[Site "https://www.chess.com"]

[Event "Titled Tuesday Blitz June 6 Late 2023"]
[White "Paravyan, David"]
[Black "Schmakel, Sam"]
[WhiteFideId "4194985"]
[BlackFideId "2039311"]
[WhiteElo "2563"]
[BlackElo "2356"]
[Result "1-0"]
[Round "6"]
[TimeControl "180+2"]
[Date "2023.06.07"]
[WhiteClock "0:00:10"]
[BlackClock "0:00:03"]
[Board "9"]

1. d4 g6 2. e4 Bg7 3. Nf3 d6 4. h3 Nf6 5. Bd3 O-O 6. O-O Nc6 7. Re1 e5 8. dxe5 dxe5 9. Nbd2 h6 10. Nf1 Nh5 11. Bc4 Qf6 12. Ne3 Nf4 13. Nd5 Nxd5 14. exd5 Rd8 15. Bd2 b5 16. Bb3 Nd4 17. Nxd4 exd4 18. Bb4 Bf8 19. Bxf8 Kxf8 20. Qd2 Kg7 21. Red1 Bb7 22. Qd3 a6 23. a4 Bxd5 24. axb5 axb5 25. Rxa8 Bxa8 26. Qxb5 Qf4 27. Re1 h5 28. Re7 Rf8 29. Qe5+ Qxe5 30. Rxe5 Kf6 31. Rc5 c6 32. Bc4 Ke7 33. Ra5 Kd6 34. h4 Bb7 35. b4 f6 36. Bd3 Bc8 37. Bxg6 Bg4 38. f3 Be6 39. Rxh5 Rb8 40. b5 cxb5 41. Bd3 b4 42. Ra5 b3 43. cxb3 Rxb3 44. Ra6+ Kd7 45. Rxe6 Rxd3 46. Rxf6 Rd2 47. h5 Ke7 48. Rf4 Ke6 49. h6 Rd1+ 50. Kh2 d3 51. h7 d2 52. h8=Q 1-0


[Site "https://www.chess.com"]

[Event "Titled Tuesday Blitz June 6 Late 2023"]
[White "Fernandez Guillen, Ernesto J."]
[Black "Lazavik, Denis"]
[WhiteFideId "3512428"]
[BlackFideId "13515110"]
[WhiteElo "2434"]
[BlackElo "2560"]
[Result "0-1"]
[Round "6"]
[TimeControl "180+2"]
[Date "2023.06.07"]
[WhiteClock "0:00:06"]
[BlackClock "0:00:18"]
[Board "10"]

1. e4 c5 2. Nf3 e6 3. d4 cxd4 4. Nxd4 Nc6 5. Nc3 Qc7 6. Be3 a6 7. Qd2 Nf6 8. O-O-O Be7 9. f3 b5 10. g4 Nxd4 11. Bxd4 Bb7 12. g5 Nh5 13. Ne2 Rc8 14. Kb1 Bxg5 15. Qd3 O-O 16. Rg1 Bf6 17. Bxf6 Nxf6 18. Nd4 d5 19. e5 Qxe5 20. f4 Qxf4 21. Bg2 Ne4 22. Rgf1 Qe5 23. Nf3 Qh5 24. Nd4 b4 25. Qe3 a5 26. Rg1 Kh8 27. Bf3 Qh6 28. Qe2 a4 29. Rg4 f5 30. Rg2 a3 31. Bxe4 dxe4 32. Rdg1 Rg8 33. Qb5 Bd5 34. Qd7 Rcd8 35. Qc7 Rdf8 36. Nb5 Qf6 37. c3 e3 38. Re2 f4 39. Nd6 axb2 40. Rxb2 bxc3 41. Rb5 f3 42. Kc1 f2 43. Rd1 e2 0-1


[Site "https://www.chess.com"]

[Event "Titled Tuesday Blitz June 6 Late 2023"]
[White "Andreikin, Dmitry"]
[Black "Pakleza, Zbigniew"]
[WhiteFideId "4158814"]
[BlackFideId "1119290"]
[WhiteElo "2736"]
[BlackElo "2410"]
[Result "1-0"]
[Round "6"]
[TimeControl "180+2"]
[Date "2023.06.07"]
[WhiteClock "0:00:45"]
[BlackClock "0:00:01"]
[Board "11"]

1. Nf3 d5 2. c4 c6 3. d4 Nf6 4. Nc3 Qb6 5. c5 Qc7 6. Bg5 b6 7. b4 a5 8. a3 Ne4 9. Nxe4 dxe4 10. Nd2 Bf5 11. e3 e6 12. Bf4 Qb7 13. Nc4 axb4 14. axb4 b5 15. Nd6+ Bxd6 16. Bxd6 Nd7 17. g4 Rxa1 18. Qxa1 Bxg4 19. d5 f6 20. Rg1 h5 21. dxc6 Qxc6 22. h3 Qd5 23. hxg4 Qb3 24. Be2 h4 25. c6 Nb6 26. g5 e5 27. g6 h3 28. Bxb5 1-0


[Site "https://www.chess.com"]

[Event "Titled Tuesday Blitz June 6 Late 2023"]
[White "Sokolovsky, Yahli"]
[Black "Hakobyan, Aram"]
[WhiteFideId "2820242"]
[BlackFideId "13306677"]
[WhiteElo "2389"]
[BlackElo "2584"]
[Result "0-1"]
[Round "6"]
[TimeControl "180+2"]
[Date "2023.06.07"]
[WhiteClock "0:00:01"]
[BlackClock "0:00:25"]
[Board "12"]

1. b3 d5 2. e3 Bf5 3. Nf3 e6 4. d4 Nf6 5. Bd3 Bg6 6. Ne5 Nbd7 7. f4 Nxe5 8. fxe5 Ne4 9. O-O Be7 10. Ba3 Bxa3 11. Nxa3 O-O 12. Nb1 Qg5 13. Qe1 c5 14. Nd2 Nxd2 15. Qxd2 cxd4 16. Bxg6 dxe3 17. Bxh7+ Kxh7 18. Qd4 Rac8 19. c3 Rc7 20. Rae1 f5 21. Rxe3 Rfc8 22. Rff3 Kg8 23. h4 Qh6 24. Rh3 b6 25. h5 f4 26. Ref3 Rf7 27. Rh4 Rcf8 28. Rg4 Rf5 29. Rg6 Qh7 30. Rxe6 Rxh5 31. Rxf4 Rh1+ 32. Kf2 Qh4+ 33. g3 Qh2+ 34. Kf3 Rf1+ 35. Kg4 R8xf4+ 36. gxf4 Qg2+ 37. Kf5 Qh3+ 38. Kg5 Qxe6 0-1


[Site "https://www.chess.com"]

[Event "Titled Tuesday Blitz June 6 Late 2023"]
[White "Bortnyk, Mykola"]
[Black "Prohaszka, Peter"]
[WhiteFideId "14120836"]
[BlackFideId "726265"]
[WhiteElo "2592"]
[BlackElo "2626"]
[Result "1-0"]
[Round "6"]
[TimeControl "180+2"]
[Date "2023.06.07"]
[WhiteClock "0:01:01"]
[BlackClock "0:00:02"]
[Board "13"]

1. e4 c6 2. d4 d5 3. exd5 cxd5 4. c4 Nf6 5. Nc3 Nc6 6. Bg5 Be6 7. Be2 Qa5 8. c5 Ne4 9. Nf3 Bg4 10. Bf4 g5 11. Be3 Bxf3 12. Bxf3 Nxc3 13. bxc3 Qxc3+ 14. Kf1 e6 15. Rc1 Qa3 16. Rb1 Bg7 17. h4 g4 18. Bxg4 O-O 19. Rh3 f5 20. Bh6 Qxa2 21. Ra1 Qc4+ 22. Be2 Qxd4 23. Rg3 Qxd1+ 24. Rxd1 Rf7 25. Bh5 Rd7 26. Re1 Nd4 27. Rd1 e5 28. f4 Kh8 29. Bxg7+ Rxg7 30. Rxg7 Kxg7 31. fxe5 Ne6 32. Bf3 d4 33. Bxb7 Rd8 34. c6 Nc7 35. Ke2 Kf7 36. Kd3 Ke6 37. Ra1 a6 38. Bxa6 Ra8 39. Bc4+ Kxe5 40. Re1+ Kd6 41. Kxd4 Kxc6 42. Re7 Ra4 43. Rxh7 Nb5+ 44. Kd3 Ra3+ 45. Kd2 Nd6 46. Be6 Kc5 47. h5 Kd4 48. h6 Ne4+ 49. Kc2 Rc3+ 50. Kb2 Rc6 51. Rd7+ Ke3 52. h7 Rb6+ 53. Kc2 Rb8 54. Bg8 Rc8+ 55. Kb2 Rb8+ 56. Ka3 Nc3 57. h8=Q Nb5+ 58. Kb2 Nd6+ 59. Kc2 Rc8+ 60. Kd1 Ne4 61. Qh3+ Kf2 62. Qxf5+ Kg1 63. Qxe4 Rb8 64. Qe3+ Kh1 65. Rh7+ Kxg2 66. Rg7+ Kh2 67. Qh6# 1-0


[Site "https://www.chess.com"]

[Event "Titled Tuesday Blitz June 6 Late 2023"]
[White "Kushko, Dmitriy"]
[Black "Narayanan.S.L"]
[WhiteFideId "14162261"]
[BlackFideId "5058422"]
[WhiteElo "2230"]
[BlackElo "2563"]
[Result "0-1"]
[Round "6"]
[TimeControl "180+2"]
[Date "2023.06.07"]
[WhiteClock "0:00:02"]
[BlackClock "0:00:46"]
[Board "14"]

1. Nf3 c5 2. g3 Nc6 3. Bg2 g6 4. c4 Bg7 5. Nc3 Nf6 6. d4 cxd4 7. Nxd4 O-O 8. O-O Qb6 9. Nc2 d6 10. b3 Qa5 11. Bb2 Qh5 12. Nd5 Ng4 13. h3 Bxb2 14. hxg4 Bxg4 15. Rb1 Bxe2 16. Nf4 Bxd1 17. Nxh5 Bxc2 18. Rxb2 Bf5 19. Nf4 Rfd8 20. Rd1 Rac8 21. Bf3 b6 22. Nd5 Be6 23. Nf4 Ne5 24. Be2 Bg4 25. Bxg4 Nxg4 26. Nd5 Kf8 27. Rbd2 e6 28. Nc3 Ne5 29. Rxd6 Rxd6 30. Rxd6 Ke7 31. Rd1 h5 32. Kg2 a6 33. f4 Ng4 34. Rd3 Rd8 35. Rxd8 Kxd8 36. Kf3 Nh6 37. b4 Nf5 38. Na4 Kc7 39. c5 b5 40. Nb2 Nd4+ 41. Ke4 Ne2 42. Kf3 Nc3 43. a3 Nb1 44. a4 Nd2+ 45. Ke3 Nf1+ 46. Kf2 Nh2 47. axb5 axb5 48. Nd1 Ng4+ 49. Kf3 e5 50. fxe5 Nxe5+ 51. Ke4 Nd7 52. Nc3 Kc6 53. Ne2 Nxc5+ 54. bxc5 Kxc5 55. Ke5 b4 56. Kf6 Kc4 57. Kxf7 b3 58. Kxg6 b2 59. Kxh5 b1=Q 60. Nf4 Qf5+ 61. Kh4 Kd4 62. Ne2+ Ke4 63. Nf4 Kf3 0-1


[Site "https://www.chess.com"]

[Event "Titled Tuesday Blitz June 6 Late 2023"]
[White "Kevlishvili, Robby"]
[Black "Daggupati, Balaji"]
[WhiteFideId "1040634"]
[BlackFideId "2090759"]
[WhiteElo "2572"]
[BlackElo "2723"]
[Result "0-1"]
[Round "6"]
[TimeControl "180+2"]
[Date "2023.06.07"]
[WhiteClock "0:00:01"]
[BlackClock "0:00:27"]
[Board "16"]

1. e4 c5 2. Nf3 e6 3. d4 cxd4 4. Nxd4 Nf6 5. Nc3 Nc6 6. Ndb5 d6 7. Bf4 e5 8. Bg5 a6 9. Na3 b5 10. Nd5 Be7 11. Bxf6 Bxf6 12. c3 Bg5 13. Nc2 O-O 14. a4 bxa4 15. Rxa4 a5 16. Bc4 Rb8 17. Ra2 Kh8 18. Nce3 g6 19. O-O f5 20. exf5 gxf5 21. Be2 Be6 22. b3 e4 23. Nc4 f4 24. Bg4 Bg8 25. Re1 Rb5 26. Rd2 Re8 27. Na3 Rc5 28. c4 f3 29. Rc2 fxg2 30. Qa1+ Ne5 31. Rxe4 Bxd5 32. cxd5 Qf6 33. Rxc5 Nf3+ 34. Kxg2 Nh4+ 35. Kh3 Qxa1 36. Rxe8+ Kg7 37. Rc7+ Kh6 38. Re6+ Bf6 39. Be2 Ng6 40. Rc4 Be5 41. Rh4+ Kg7 42. Rg4 Qb2 43. Bd3 Qxb3 44. Re7+ Kf8 45. Rxh7 Qxa3 0-1


[Site "https://www.chess.com"]

[Event "Titled Tuesday Blitz June 6 Late 2023"]
[White "Tanenbaum, Zachary"]
[Black "Sjugirov, Sanan"]
[WhiteFideId "2060850"]
[BlackFideId "4189302"]
[WhiteElo "2207"]
[BlackElo "2569"]
[Result "0-1"]
[Round "6"]
[TimeControl "180+2"]
[Date "2023.06.07"]
[WhiteClock "0:00:11"]
[BlackClock "0:01:08"]
[Board "17"]

1. e4 c5 2. Nf3 d6 3. d4 cxd4 4. Nxd4 Nf6 5. Nc3 a6 6. Be3 e5 7. Nb3 Be6 8. h3 Be7 9. f4 g6 10. fxe5 Nh5 11. exd6 Bh4+ 12. Bf2 Bxf2+ 13. Kxf2 Nc6 14. Be2 Qb6+ 15. Ke1 Ng3 16. d7+ Kd8 17. Qd6 Nxh1 18. Nd5 Bxd5 19. exd5 Qb4+ 20. Qxb4 Nxb4 21. Kd2 Ng3 22. Bf3 a5 23. Nc5 b6 24. Na4 Rb8 25. c4 Na6 26. Re1 Kxd7 27. Re3 Nc5 28. Nc3 f5 29. Nb5 Nf1+ 0-1


[Site "https://www.chess.com"]

[Event "Titled Tuesday Blitz June 6 Late 2023"]
[White "Najer, Evgeniy"]
[Black "Durarbayli, Vasif"]
[WhiteFideId "4118987"]
[BlackFideId "13402935"]
[WhiteElo "2545"]
[BlackElo "2551"]
[Result "0-1"]
[Round "6"]
[TimeControl "180+2"]
[Date "2023.06.07"]
[WhiteClock "0:00:01"]
[BlackClock "0:00:22"]
[Board "18"]

1. e4 c5 2. Nf3 d6 3. d4 cxd4 4. Nxd4 Nf6 5. Nc3 Nc6 6. Bg5 Qb6 7. Nb3 e6 8. Bf4 Ne5 9. Be3 Qc7 10. f4 Ned7 11. g4 h6 12. Qf3 a6 13. h4 b5 14. a3 h5 15. g5 Ng4 16. O-O-O Bb7 17. Kb1 Rc8 18. g6 f5 19. Bd3 Ndf6 20. Rhe1 fxe4 21. Nxe4 Nxe4 22. Bxe4 Qxc2+ 23. Bxc2 Bxf3 24. Rc1 Be7 25. Bd4 O-O 26. Rxe6 Bxh4 27. Rxd6 Rxf4 28. Rxa6 Bg5 29. Bc3 Ra4 30. Rb6 Bxc1 31. Nxc1 Be4 32. Rxb5 Nf6 0-1


[Site "https://www.chess.com"]

[Event "Titled Tuesday Blitz June 6 Late 2023"]
[White "Blohberger, Felix"]
[Black "Hansen, Eric"]
[WhiteFideId "1632051"]
[BlackFideId "2606771"]
[WhiteElo "2435"]
[BlackElo "2561"]
[Result "0-1"]
[Round "6"]
[TimeControl "180+2"]
[Date "2023.06.07"]
[WhiteClock "0:00:07"]
[BlackClock "0:00:18"]
[Board "19"]

1. d4 Nf6 2. c4 g6 3. g3 Bg7 4. Bg2 d5 5. cxd5 Nxd5 6. Nf3 O-O 7. O-O Nc6 8. e4 Nb6 9. d5 Na5 10. Qe1 Nac4 11. Nc3 e6 12. a4 exd5 13. a5 Nd7 14. exd5 Re8 15. Qd1 a6 16. Bg5 Nf6 17. Qb3 Nd6 18. Rfe1 h6 19. Bf4 Rxe1+ 20. Rxe1 Bd7 21. Bxd6 cxd6 22. Qxb7 Rb8 23. Qxa6 Rxb2 24. Qxd6 Qxa5 25. Ne4 Nxe4 26. Qxd7 Qb6 27. Nd4 Qxd4 28. Qe8+ Kh7 29. Qxe4 Qxf2+ 30. Kh1 f5 0-1


[Site "https://www.chess.com"]

[Event "Titled Tuesday Blitz June 6 Late 2023"]
[White "Popilski, Gil"]
[Black "Licznerski, Lukasz"]
[WhiteFideId "2809060"]
[BlackFideId "1179250"]
[WhiteElo "2537"]
[BlackElo "2453"]
[Result "0-1"]
[Round "6"]
[TimeControl "180+2"]
[Date "2023.06.07"]
[WhiteClock "0:00:06"]
[BlackClock "0:00:28"]
[Board "20"]

1. e4 c6 2. d4 d5 3. f3 e6 4. Nc3 b6 5. Bf4 Nf6 6. a3 Be7 7. Qd2 Bb7 8. O-O-O O-O 9. h4 c5 10. exd5 Nxd5 11. Nxd5 Qxd5 12. c4 Qxd4 13. Qxd4 cxd4 14. Rxd4 Nc6 15. Rd7 Ba6 16. Nh3 Rfd8 17. Rxd8+ Rxd8 18. b4 Nd4 19. Kb2 Bf6 20. Bg5 Nf5+ 21. Bxf6 gxf6 22. c5 Bxf1 23. Rxf1 bxc5 24. bxc5 Nxh4 25. Nf4 Kf8 26. Rh1 Ng6 27. Nxg6+ hxg6 28. c6 Ke7 29. Kb3 Kd6 30. Rd1+ Kc7 31. Rxd8 Kxd8 32. Kc4 Kc7 33. Kc5 g5 34. a4 f5 35. Kb5 f4 36. a5 f5 37. Ka6 e5 38. Kxa7 e4 39. Ka6 e3 0-1


[Site "https://www.chess.com"]